Cogmind - Beta 13 @@@ ROGUE MODE // 2024.04.20 @ 23:24:31 Player: ThatBishHoly Result: Destroyed by V3-IJ1(R) with Subdweller Machine Gun Performance ------------- Evolutions (0) 0 Regions Visited (3) 600 Robots Destroyed (5) 25 Value Destroyed (174) 174 Prototype IDs (2) 40 Alien Tech Used (0) 0 Bonus (30) 30 TOTAL SCORE: 869 Bonus ------- Follower Combat Kills 30 Cogmind --------- Core Integrity 0/250 Matter 253/300 Energy 60/100 System Corruption 0% Temperature Cool (2) Movement Walking (120) Location -10/Subcaves Parts ------- > --- POWER (1) -------- (None) > --- PROPULSION (2) --- Myomer Leg > --- UTILITY (2) ------ Scrap Shield > --- WEAPON (2) ------- Dirty Datajack > --- INVENTORY (5) ---- Medium Battery (150) Mining Laser Peak State ------------ > --- POWER ------------ (None) > --- PROPULSION ------- Myomer Leg Myomer Leg > --- UTILITY ---------- Subdweller Optics Phase Shifter > --- WEAPON ----------- Battle Rifle > --- INVENTORY -------- Medium Battery Scrap Shield Mining Laser [Rating: 23] Favorites ----------- Power Ion Engine Engine Ion Engine Propulsion Light Treads Treads Light Treads Leg Myomer Leg Utility Medium Battery Device Trap Extractor Storage Medium Battery Protection Scrap Shield Weapon Heavy EM Pulse Gun Energy Gun Heavy EM Pulse Gun Ballistic Gun Assault Rifle Launcher Grenade Launcher Special Weapon Mining Laser Special Melee Weapon Dirty Datajack Build | -11 -10 -10 -10 ------- Run | Yrd Mat Min Sub Slots Evolved . | . . . . Power . | . . . . Propulsion . | . . . . Utility . | . . . . Weapon . | . . . . Parts Attached 19 | 5 4 1 9 Power 1 | 1 . . . Engine 1 | 1 . . . Core . | . . . . Reactor . | . . . . Propulsion 4 | 2 . . 2 Treads 2 | 2 . . . Leg 2 | . . . 2 Wheel . | . . . . Hover . | . . . . Flight . | . . . . Utility 5 | . 2 . 3 Device 3 | . 1 . 2 Storage 1 | . 1 . . Processor . | . . . . Hackware . | . . . . Protection 1 | . . . 1 Artifact . | . . . . Weapon 9 | 2 2 1 4 Energy Gun 2 | . 1 . 1 Energy Cannon . | . . . . Ballistic Gun 3 | 2 . . 1 Ballistic Cannon . | . . . . Launcher 1 | . 1 . . Special Weapon 2 | . . 1 1 Impact Weapon . | . . . . Slashing Weapon . | . . . . Piercing Weapon . | . . . . Special Melee Weapon 1 | . . . 1 Unidentified Prototypes . | . . . . Parts Lost 7 | . . . 7 Power 1 | . . . 1 Propulsion 1 | . . . 1 Utility 2 | . . . 2 Weapon 3 | . . . 3 Highest Loss Streak 7 | . . . 7 To Critical Strikes . | . . . . Average Slot Usage (%) 91 | . 79 100 92 Engine 13 | . 14 14 12 Treads 26 | . 28 28 23 Leg 1 | . . . 4 Device 10 | . 2 14 13 Storage 11 | . 6 14 12 Energy Gun 10 | . 2 14 12 Ballistic Gun 4 | . 12 . 1 Launcher 9 | . 13 12 . Special Weapon 3 | . . 1 10 Naked Turns . | . . . . Heaviest Build 19 | 9 15 15 19 Greatest Support 50 | 40 40 40 50 Greatest Overweight (x) . | . . . . Average Overweight (x) . | . . . . Largest Inventory Capacity 5 | 5 5 5 5 Average Capacity 5 | 5 5 5 5 Most Carried 5 | 5 4 5 5 Average Carried 2 | . 1 3 4 Final Capacity 5 | 5 5 5 5 Final Carried 3 | . 3 3 2 Class Distribution -------------------- 100% | Mutant Dominant Class ---------------- Mutant | -10/Materials Mutant | -10/Mines Mutant | -10/Subcaves Resources | -11 -10 -10 -10 ----------- Run | Yrd Mat Min Sub Matter Collected 379 | 172 90 38 79 Remotely . | . . . . Salvage Created 202 | . 124 . 78 Parts 11 | . 7 . 4 Haulers Intercepted . | . . . . Recyclers Shooed . | . . . . Parts Field Recycled . | . . . . Retrieved Matter . | . . . . Parts Self-Destructed 1 | . . . 1 Prevented . | . . . . Kills | -11 -10 -10 -10 ------- Run | Yrd Mat Min Sub Combat Hostiles Destroyed 4 | . 2 . 2 Guns 2 | . . . 2 AOE 2 | . 2 . . Classes Destroyed 3 | . 2 . 1 Recycler 1 | . 1 . . Grunt 2 | . 2 . . Subdweller 2 | . . . 2 Best Kill Streak 3 | . 3 . 1 Combat Bots Only 2 | . 2 . 1 Max Kills in Single Turn 2 | . 2 . 1 Gunslinging . | . . . . Exploded 2 | . 2 . . Melee . | . . . . Uniques/NPCs Destroyed . | . . . . Combat | -11 -10 -10 -10 -------- Run | Yrd Mat Min Sub Hostile Shots Fired 94 | . 29 . 65 Missed 29 | . 13 . 16 Damage Taken 1173 | . 160 . 1013 Core 272 | . 24 . 248 Absorbed by Shields . | . . . . Core Remaining (%) 100 | 100 . . . Volleys Fired 25 | . 3 4 18 Largest 2 | . 2 1 2 Hottest 100 | . 50 100 100 Shots Fired 30 | . 6 4 20 Gun 20 | . 3 . 17 Cannon . | . . . . Launcher 3 | . 3 . . Special 7 | . . 4 3 Kinetic 12 | . 3 . 9 Thermal 7 | . . 4 3 Explosive 3 | . 3 . . Electromagnetic 8 | . . . 8 Robot Hit Streak 10 | . 2 . 10 Robot Miss Streak 2 | . 2 . 1 Penetration Max . | . . . . Secondary Targets . | . . . . Shots Hit Robots 17 | . 3 . 14 Core Hits 13 | . 8 . 5 Critical Kills 1 | . . . 1 Critical Parts Destroyed . | . . . . Critical Strikes 1 | . . . 1 Destroy 1 | . . . 1 Melee Attacks . | . . . . Impact . | . . . . Slashing . | . . . . Piercing . | . . . . Sneak Attacks . | . . . . Combat Hostiles . | . . . . Follow-up Attacks . | . . . . Damage Inflicted 405 | . 188 . 217 Guns 230 | . 13 . 217 Cannons . | . . . . Explosions 175 | . 175 . . Melee . | . . . . Ramming . | . . . . Kinetic 138 | . 13 . 125 Thermal . | . . . . Explosive 175 | . 175 . . Electromagnetic 92 | . . . 92 Impact . | . . . . Slashing . | . . . . Piercing . | . . . . Highest Corruption . | . . . . Average Corruption . | . . . . Corruption Purged . | . . . . Corruption Blocked . | . . . . Overload Shots . | . . . . Overflow Damage . | . . . . Projectiles . | . . . . Explosions . | . . . . Melee . | . . . . Knockbacks . | . . . . Impact . | . . . . Kinetic . | . . . . Secondary . | . . . . Self-Inflicted Damage . | . . . . Shots . | . . . . Rammed . | . . . . Targets Rammed . | . . . . Kicked . | . . . . Crushed . | . . . . Highest Temperature 60 | . 8 60 . Average Temperature 28 | . 4 32 . Received Heat Transfer 120 | . 48 . 72 Siege Activations . | . . . . Robots Corrupted . | . . . . Combat Hostiles . | . . . . Parts Fried . | . . . . Impact Corruptions . | . . . . Robots Melted . | . . . . Combat Hostiles . | . . . . Parts Melted . | . . . . Heat Transferred . | . . . . Parts Sabotaged . | . . . . Parts Stolen . | . . . . Parts Stripped . | . . . . Power Chain Reactions . | . . . . Alert | -11 -10 -10 -10 ------- Run | Yrd Mat Min Sub Peak Influence 105 | . 105 40 . Initial 40 | . . 40 . Average 35 | . 41 40 . Maximum Alert Level . | . . . . Low Security (%) 100 | 100 100 100 . Level 1 . | . . . . Level 2 . | . . . . Level 3 . | . . . . Level 4 . | . . . . Level 5 . | . . . . High Security . | . . . . Max Security . | . . . . Squads Dispatched 1 | . 1 . . Investigation . | . . . . Extermination . | . . . . Reinforcement 1 | . 1 . . Assault . | . . . . Garrison . | . . . . Intercept . | . . . . Searches Triggered . | . . . . Construction Impeded . | . . . . Haulers Reinforced . | . . . . Active Scanning Responses . | . . . . Cargo Convoy Interrupts . | . . . . Stealth | -11 -10 -10 -10 --------- Run | Yrd Mat Min Sub Distress Signals 1 | . 1 . . Communications Jammed . | . . . . Distress Signals . | . . . . Times Spotted 18 | . 8 . 10 Peak Tracking Total 9 | . 5 . 9 Tactical Retreats . | . . . . Traps | -11 -10 -10 -10 ------- Run | Yrd Mat Min Sub Traps Triggered . | . . . . Indirectly . | . . . . Trap Hack Attempts . | . . . . Triggered . | . . . . Disarmed . | . . . . Reprogrammed . | . . . . Reused . | . . . . Traps Extracted . | . . . . Installed . | . . . . Triggered . | . . . . Machines | -11 -10 -10 -10 ---------- Run | Yrd Mat Min Sub Machines Disabled 2 | . 2 . . Max in Single Turn 1 | . 1 . . Machines Repaired . | . . . . Machines Dismantled . | . . . . Machines Sabotaged . | . . . . Overloaded Fab Kills . | . . . . Hacking | -11 -10 -10 -10 --------- Run | Yrd Mat Min Sub Machines Accessed 1 | . 1 . . Terminals 1 | . 1 . . Fabricators . | . . . . Repair Stations . | . . . . Recycling Units . | . . . . Scanalyzers . | . . . . Garrison Access . | . . . . Total Hacks 4 | . 4 . . Successful 2 | . 2 . . Failed 2 | . 2 . . Catastrophic . | . . . . Database Lockouts . | . . . . Manual 5 | . 5 . . Terminals 4 | . 4 . . Fabricators . | . . . . Repair Stations . | . . . . Recycling Units . | . . . . Scanalyzers . | . . . . Garrison Access . | . . . . Terminal Hacks 2 | . 2 . . Prototype ID Bank 1 | . 1 . . Zone Layout 1 | . 1 . . Fabricator Hacks . | . . . . Repair Station Hacks . | . . . . Recycling Unit Hacks . | . . . . Scanalyzer . | . . . . Garrison Access Hacks . | . . . . Unauthorized Hacks . | . . . . Terminals . | . . . . Fabricators . | . . . . Repair Stations . | . . . . Recycling Units . | . . . . Scanalyzers . | . . . . Garrison Access . | . . . . Data Cores Recovered . | . . . . Used . | . . . . Hacking Detections 1 | . 1 . . Full Trace Events . | . . . . Feedback Events . | . . . . Feedback Blocked . | . . . . Robot Schematics Acquired . | . . . . Robots Built . | . . . . Authchips . | . . . . Time . | . . . . Total Robot Build Rating . | . . . . Part Schematics Acquired . | . . . . Parts Built . | . . . . Authchips . | . . . . Time . | . . . . Total Part Build Rating . | . . . . Parts Repaired . | . . . . Time . | . . . . Parts Recycled . | . . . . Recycled Matter . | . . . . Retrieved Matter . | . . . . Retrieved Components . | . . . . Parts Scanalyzed . | . . . . Part Schematics Acquired . | . . . . Parts Damaged . | . . . . Bothacking | -11 -10 -10 -10 ------------ Run | Yrd Mat Min Sub Used RIF Installer . | . . . . Robots Hacked . | . . . . Non-combat . | . . . . Combat . | . . . . Robot Hacks Applied . | . . . . Relay Couplers Released . | . . . . Fabnet Peak Effective % . | . . . . Robots Rewired . | . . . . Allies Hacked . | . . . . Hacks Repelled . | . . . . Allies | -11 -10 -10 -10 -------- Run | Yrd Mat Min Sub Total Allies 1 | . . 1 . Largest Group 1 | . . 1 1 Highest-Rated Group 31 | . . 31 31 Highest-Rated Ally 31 | . . 31 31 Total Orders . | . . . . Ally Attacks 10 | . . . 10 Total Damage 184 | . . . 184 Kills 1 | . . . 1 Allies Corrupted . | . . . . Allies Melted . | . . . . Intel | -11 -10 -10 -10 ------- Run | Yrd Mat Min Sub Robot Analysis Total . | . . . . Derelict Logs Recovered 1 | . . 1 . Drone Launches . | . . . . Drone Recoveries . | . . . . Exploration | -11 -10 -10 -10 ------------- Run | Yrd Mat Min Sub Turns Passed 787 | 80 210 284 213 Spaces Moved 423 | 54 120 154 95 Core 14 | 14 . . . Treads 404 | 40 120 154 90 Legs 5 | . . . 5 Wheels . | . . . . Hover . | . . . . Flight . | . . . . Fastest Speed 50 | 50 160 160 120 Average Speed 155 | 131 160 160 157 Slowest Speed 160 | 160 160 160 160 Overloaded Moves . | . . . . Propulsion Burnouts . | . . . . Robots Hopped . | . . . . Cave-ins Triggered . | . . . . Exploration Rate (%) 19 | 4 26 42 6 Regions Visited 3 Branch Regions 2 Pre-discovered Areas 1 | . . 1 . Known Exits Taken . | . . . . Unknown Exits Taken 3 | 1 1 1 . Scrap Searched 2 | . . 2 . Spaces Dug . | . . . . Terrain Destroyed . | . . . . Melee . | . . . . Projectile . | . . . . AOE . | . . . . Terrain Rammed . | . . . . Walls Destroyed . | . . . . Machines Disabled . | . . . . Actions | -11 -10 -10 -10 --------- Run | Yrd Mat Min Sub Total 509 | 63 131 181 134 Wait 17 | . . 17 . Move 420 | 53 119 153 95 Hop . | . . . . Pick Up 19 | 5 5 3 6 Fast Attach 1 | . . . 1 Attach 11 | 5 2 . 4 Detach 1 | . . . 1 Swap 7 | . 2 1 4 Drop 8 | . . 3 5 Fire 25 | . 3 4 18 Melee . | . . . . Ram . | . . . . Kick . | . . . . Crush . | . . . . Escape Stasis . | . . . . Rewire . | . . . . Trap . | . . . . Miscellaneous . | . . . . Route ------- -11/Scrapyard -10/Materials (discovered 2 exits: [*Mat] / [*Min]) -10/Mines -10/Subcaves History --------- Turn | Location | Event 3 | -11/Scrapyard | Discovered new exit (range 15) 81 | -11/Scrapyard | Entered Materials 177 | -10/Materials | Discovered new exit (range 14) 229 | -10/Materials | Discovered new exit (range 10) 291 | -10/Materials | Entered Mines 310 | -10/Mines | Build established: Mutant 347 | -10/Mines | Learned location of Storage (-7) 528 | -10/Mines | Received a Mining Laser from a helpful Derelict 570 | -10/Mines | Discovered new exit (range 3) 575 | -10/Mines | Entered Subcaves 575 | -10/Subcaves | Accompanied by 1 ally 728 | -10/Subcaves | Ambushed by swarm of Subdwellers 733 | -10/Subcaves | Ambushed by Subdwellers from Twisted Machinery 733 | -10/Subcaves | Ambushed by Subdwellers from Twisted Machinery 733 | -10/Subcaves | Ambushed by Subdwellers from Twisted Machinery 765 | -10/Subcaves | Core integrity fell below 50% 780 | -10/Subcaves | Core integrity fell below 20% 788 | -10/Subcaves | Destroyed by V3-IJ1(R) with Subdweller Machine Gun Last Messages --------------- 00762_ Ion Engine destroyed. 00762_ Acquired Phase Shifter. 00763_ S6-AJK(g) destroyed. 00765_ Sub. Optics destroyed. 00765_ PS-84D(R) suffers critical hit (Destroy). 00765_ PS-84D(R) destroyed. 00771_ H5-Q5I(R) destroyed. 00772_ ID-7Q5(R) affixes Scrap Shield Fragment to Scrap Shield. 00773_ Phase Shifter destroyed. 00781_ Subatomizers dissect the Lgt. Treads. 00781_ Myomer Leg destroyed. 00782_ Battle Rifle destroyed. 00783_ ID-7Q5(R) destroyed. 00783_ V3-IJ1(R) affixes Scrap Shield Fragment to Scrap Shield. 00785_ Critical hit (Destroy). 00786_ Acquired Dirty Datajack. 00787_ KG-3XF(R) affixes Scrap Shield Fragment to Scrap Shield. Map ----- +----------------------------------------------------+ | ?????????????????????????????????????????????????? | | ?????????????????????????????????????????????????? | | ?????????????????????????????????????????????????? | | ?????????????????????????????????????????????????? | | ?????????????????????????????????????????????????? | | ?????????????????????????????????????????????????? | | ?????????????????????????????????????????????????? | | ???????????????????????????? ????????????????????? | | ??????????????????????????## ?"?????????????????## | | ??????????????????????????# "???##?????#???#### | | ??????????????????????????# ?##"#???? ????# | | ??????????????????????????? " ## #??? ??????# | | ???????????????????????????? "" " ### ???????# | | ????????????????????????????# """" ?????????# | | ????????????????????????????# """" ?????????## | | ???????????????????????????##" """ #??????????# | | ?????????????????????????###""" #???????????# | | ????????????????????????##""" " ##?########### | | ????????????????????????#"""" ### ## ## # | | ?????????????????????????# ## [ " | | ??????????????????????????#*& [ "" | | ??????????????????????????#![ = *%= ### ### # | | ???????????????????????####%!&% %! ! ##?###?##### | | ??????????????????##???#!==RRR! ! ##????????## | | ??????????????????# ####% !%[! ##?????### | | ??????????????????# ##==@%!" ####### | | ??????????????????# != !!%[[ #### | | ?????????????????# [%%!#####??# ## | | ?????????????????## ! %##??????###### ## ## ## | | ??????????????????#######????????????############? | | ?????????????????????????????????????????????????? | | ?????????????????????????????????????????????????? | | ?????????????????????????????????????????????????? | | ?????????????????????????????????????????????????? | | ?????????????????????????????????????????????????? | | ?????????????????????????????????????????????????? | | ?????????????????????????????????????????????????? | | ?????????????????????????????????????????????????? | | ?????????????????????????????????????????????????? | | ?????????????????????????????????????????????????? | | ?????????????????????????????????????????????????? | | ?????????????????????????????????????????????????? | | ?????????????????????????????????????????????????? | | ?????????????????????????????????????????????????? | | | | | | | | | | | | | +----------------------------------------------------+ Best States ------------- Heat Dissipation 25 Energy Generation 10 Energy Capacity 400 Matter Stores 300 Matter Capacity 300 Sight Range 21 Terrain Scan Density 10 Phase Shifting 5 Evasion (%) 45 Recoil Reduction 2 Item Schematics ----------------- None Robot Schematics ------------------ None Fabricated ------------ Nothing Alien Tech Used ----------------- None Achievements -------------- None Challenges ------------ None Game ------ Seed SiegeGuidanceArachnoskeleton Manual? 0 Play Time 00:14:52 Cumulative 5.8 hours Start 2024.04.20 @ 22:57:48 End 2024.04.20 @ 23:24:31 Sessions 1 Manual Loads 0 Difficulty Rogue Special Mode None Game No. 16 Rogue 16 Adventurer 0 Explorer 0 Win Type - Total 0 Types 0/0/0/0/0/0/0/0/0 Lore% 12 Gallery% 14 Achievement% 14 Wizard Run 0 Options --------- Layout 1 ASCII 0 Keyboard 0 Movement Mouse Keybinds 0 Fullscreen 1 Font 48/Terminus Map View 25x17 Zoom Use 99% Tactical HUD 1 Map Filters NONE Filters NONE Steam 1 RUN: 8bad476d-5da9-4c23-82b3-91f02f128a44